 Dungeon Crawl Stone Soup version 0.27-b1-16-g6517624069 (webtiles) character file.

Game seed: 10515303307005506274

1192 ZARRMARR the Bolt Thrower (level 8, -15/68 HPs)
             Began as a Minotaur Hunter on July 26, 2021.
             Was a Follower of Okawaru.
             Demolished by a gnoll sergeant (17 damage)
             ... in a bailey on July 27, 2021.
             The game lasted 00:41:26 (5409 turns).

ZARRMARR the Bolt Thrower (Minotaur Hunter)         Turns: 5409, Time: 00:41:26

Health: -15/68     AC:  8    Str: 18    XL:     8   Next: 20%
Magic:  16/16      EV: 11    Int:  8    God:    Okawaru [*.....]
Gold:   238        SH:  6    Dex:  9    Spells: 7/7 levels left

rFire    + + .     SeeInvis .   s - +6 whip of Watchfulness {pain, Fly rF++ Dex-3 Stlth+}
rCold    . . .     Faith    .   h - +2 buckler
rNeg     . . .     Spirit   .   y - +2 ring mail {rPois}
rPois    +         Reflect  .   (helmet restricted)
rElec    .         Harm     .   (no cloak)
rCorr    .         Rampage  .   (no gloves)
Will     .....                  (no boots)
Stlth    +.........             (no amulet)
HPRegen  0.21/turn              v - ring of magical power
MPRegen  0.15/turn              (no ring)

@: mighty, lit by a corona, flying, glowing
A: horns 2, retaliatory headbutt
a: Renounce Religion, Heroism


You were in a bailey.
You worshipped Okawaru.
Okawaru was aware of your devotion.
You visited 1 branch of the dungeon, and saw 6 of its levels.
You also visited: Bailey.

You collected 238 gold pieces.

Inventory:

Hand Weapons
 a - a +1 hand crossbow
 s - the +6 whip of Watchfulness (weapon) {pain, Fly rF++ Dex-3 Stlth+}
   (You found it on level 4 of the Dungeon)

   In the hands of one skilled in necromantic magic, it inflicts extra damage on
   living creatures.
   Dex:       It affects your dexterity (-3).
   rF:        It greatly protects you from fire.
   Fly:       It grants you flight.
   Stlth:     It makes you more stealthy.
Missiles
 d - 20 bolts
 f - 164 stones (quivered)
 g - 119 arrows
 i - 5 javelins
 p - 16 poisoned darts
 C - 2 throwing nets
Armour
 h - a +2 buckler (worn)
 k - a +0 chain mail
 y - a +2 ring mail of poison resistance (worn)
Jewellery
 v - a ring of magical power (left hand)
Wands
 x - a wand of polymorph (9)
Scrolls
 b - a scroll of teleportation
 e - a scroll of blinking
 q - 2 scrolls of magic mapping
 A - a scroll of enchant armour {unknown}
 B - a scroll of enchant weapon {unknown}
Potions
 c - a potion of brilliance {unknown}
 l - 4 potions of invisibility {unknown}
 m - a potion of curing {unknown}
 n - 2 potions of mutation {unknown}
 o - a potion of berserk rage {unknown}
 r - a potion of cancellation {unknown}
 t - a potion of resistance {unknown}
 u - 2 potions of attraction {unknown}
 w - a potion of ambrosia {unknown}
 z - a potion of lignification {unknown}


   Skills:
 + Level 5.1 Fighting
 + Level 2.3 Short Blades
 + Level 3.0 Maces & Flails
 + Level 7.6 Crossbows
 + Level 5.5 Armour
 + Level 3.2 Dodging
 + Level 0.8 Stealth
 + Level 2.6 Shields


You had 7 spell levels left.
You didn't know any spells.
Your spell library was empty.

Dungeon Overview and Level Annotations

Branches:
Dungeon (7/15)             Temple (0/1) D:5          Bailey (1/1)

Altars:
Cheibriados
Elyvilon
Gozag
Kikubaaqudgha
Okawaru

Shops:
D:5 (


Innate Abilities, Weirdness & Mutations

You have a pair of horns on your head.
You reflexively headbutt those who attack you in melee.


Message History

The gnoll shaman misses you.
You closely miss the gnoll.
The gnoll is severely wounded.
The gnoll sergeant barely misses you. The gnoll barely misses you.
The gnoll sergeant hits you from afar with a +0 halberd!
The gnoll shaman barely misses you.
The gnoll sergeant hits you from afar with a +0 glaive!
You barely miss the gnoll. You headbutt the gnoll.
You kill the gnoll!
Okawaru accepts your kill.
You can now gain great but temporary skills.
The gnoll sergeant barely misses you.
The gnoll shaman hits you from afar with a +0 halberd!
The gnoll sergeant hits you from afar with a +0 glaive!
The gnoll sergeant hits you from afar with a +0 halberd!
* * * LOW HITPOINT WARNING * * *
The gnoll shaman misses you. The gnoll sergeant closely misses you.
You furiously retaliate!
You headbutt the gnoll sergeant!
Items here: ( ) [ †.
You whack the gnoll sergeant! You headbutt the gnoll sergeant!
The gnoll sergeant is severely wounded.
The gnoll shaman closely misses you. You furiously retaliate!
You headbutt the gnoll shaman!
The gnoll sergeant hits you with a +0 glaive.
* * * LOW HITPOINT WARNING * * *
The gnoll sergeant hits you with a +0 halberd.
* * * LOW HITPOINT WARNING * * *
You hit the gnoll sergeant. You headbutt the gnoll sergeant!
You kill the gnoll sergeant!
Okawaru accepts your kill. The gnoll shaman barely misses you.
The gnoll sergeant barely misses you. You furiously retaliate!
You headbutt the gnoll sergeant, but do no damage.
Your Maces & Flails skill increases to level 3!
Your ring mail prevents you from hitting the gnoll sergeant.
The gnoll sergeant is heavily wounded.
The gnoll shaman mumbles some strange prayers to its god against you.
You are outlined in light.
The gnoll sergeant hits you with a +0 halberd!
You die...

♣♣≈≈.. ♣.≈..# ♣♣.≈..#
♣..≈..# ♣..≈..# ####
♣♣..≈..# #...##
♣♣...≈..######.....##
#♣♣♣.÷)....'...#.g.$...#
#∩..∩÷)....)...'@g.8...+
#♣♣♣.......'...#)..$...#
♣♣...≈..######.....##
♣...≈..# #...## ♣...≈..#
#### ♣♣..≈..# ♣♣.≈..#
♣.≈..#


You could see a gnoll sergeant and a gnoll shaman.

Vanquished Creatures
  Duvessa (D:4)
  A black bear (D:4)
  4 ogres
  A phantom (D:5)
  A gnoll sergeant (Bailey)
  Dowan (D:4)
  3 hounds
  2 orc priests (D:7)
  Jessica (D:2)
  An orc wizard (D:4)
  Natasha (D:2)
  2 iguanas
  A hound skeleton (D:5)
  A howler monkey zombie (D:5)
  An adder (D:5)
  4 gnolls (Bailey)
  An adder skeleton (D:4)
  2 dart slugs
  10 orcs
  7 ball pythons
  7 bats
  9 endoplasms
  2 giant cockroaches
  10 goblins
  4 hobgoblins
  18 jackals
  7 kobolds
  7 quokkas
  A frilled lizard (D:1)
  6 rats
117 creatures vanquished.

Notes
Turn   | Place    | Note
-------+----------+-------------------------------------------
     0 | D:1      | ZARRMARR the Minotaur Hunter began the quest for the Orb.
     0 | D:1      | Reached XP level 1. HP: 18/18 MP: 0/0
   187 | D:1      | Reached XP level 2. HP: 25/25 MP: 1/1
   252 | D:1      | Reached skill level 5 in Crossbows
   968 | D:1      | Reached XP level 3. HP: 29/30 MP: 2/2
  1307 | D:2      | Noticed Jessica
  1310 | D:2      | Killed Jessica
  1311 | D:2      | Reached skill level 1 in Armour
  1370 | D:2      | Reached XP level 4. HP: 30/37 MP: 3/3
  1628 | D:2      | Reached skill level 1 in Maces & Flails
  1814 | D:2      | Found an ancient bone altar of Kikubaaqudgha.
  1814 | D:2      | Noticed Natasha
  1821 | D:2      | Killed Natasha
  2292 | D:3      | Reached skill level 6 in Crossbows
  2440 | D:3      | Noticed an ogre
  2443 | D:3      | Killed an ogre
  2444 | D:3      | Reached XP level 5. HP: 45/45 MP: 4/4
  3020 | D:4      | Noticed a black bear
  3034 | D:4      | Killed a black bear
  3035 | D:4      | Reached skill level 1 in Shields
  3035 | D:4      | Reached XP level 6. HP: 24/52 MP: 5/5
  3474 | D:4      | Noticed Duvessa
  3474 | D:4      | Noticed Dowan
  3488 | D:4      | Killed Duvessa
  3489 | D:4      | Reached skill level 1 in Short Blades
  3489 | D:4      | Reached skill level 7 in Crossbows
  3504 | D:4      | Killed Dowan
  3505 | D:4      | Reached XP level 7. HP: 36/59 MP: 6/6
  3716 | D:4      | Found an iron altar of Okawaru.
  3748 | D:4      | Became a worshipper of Warmaster Okawaru
  3752 | D:4      | Identified the +6 whip of Watchfulness {pain, Fly rF++
                  | Dex-3 Stlth+}
  4086 | D:4      | Found an opulent altar of Gozag.
  4086 | D:4      | Found a snail-covered altar of Cheibriados.
  4144 | D:5      | Entered Level 5 of the Dungeon
  4284 | D:5      | Found a staircase to the Ecumenical Temple.
  4412 | D:5      | Found a white marble altar of Elyvilon.
  4615 | D:5      | Found Soytim's Weapon Shop.
  4790 | D:5      | Reached skill level 5 in Armour
  4976 | D:5      | You fall into a shaft and drop 2 floors!
  4979 | D:7      | Found a flagged portal.
  4999 | D:7      | Reached skill level 5 in Fighting
  5011 | D:7      | Reached XP level 8. HP: 68/68 MP: 7/7
  5051 | Bailey   | Entered a bailey
  5405 | Bailey   | Reached * piety under Okawaru
  5407 | Bailey   | HP: 3/68 [gnoll sergeant (2)]
  5409 | Bailey   | Demolished by a gnoll sergeant

Illustrated notes

Levels and vault maps discovered:
D:1:      dpeg_arrival_refuge, layout_basic, minmay_tromino_mix6
D:2:      layout_loops_cross, basic_altar, uniq_natasha, uniq_jessica
D:3:      layout_rooms, chequers_serial_rivers_micro_a,
          hangedman_decor_clover_reticule, item_on_display_a
D:4:      layout_basic, mainiacjoe_overflow_chevrons,
          gammafunk_temple_overflow_statue, chequers_serial_rivers_micro_a,
          uniq_duvessa
D:5:      layout_loops_ring, nicolae_elyvilon_peaceful_grove,
          minmay_temple_entry_arrows, serial_shops, nicolae_square_shop,
          dk_noncrumbling_2, minmay_strange_pillars
D:7:      layout_basic, enter_bailey_5, kennysheep_crisscross, uniq_joseph
Bailey:   bailey_polearm_gnolls_kennysheep, bailey

Skill      XL: |  1  2  3  4  5  6  7  8 |
---------------+-------------------------+-----
Crossbows      | 5 6 7 |  7.6
Armour         | 1 2 3 5 |  5.5
Maces & Flails | 1 2 3 |  3.0
Fighting       | 3 4 5 |  5.1
Shields        | 1 2 |  2.6
Short Blades   | 1 2 |  2.3
Dodging        | 3 |  3.2
Stealth        | |  0.8

Action                   |  1- 3 |  4- 6 |  7- 9 || total
-------------------------+-------+-------+-------++-------
Melee: Short sword       |     4 |       |       ||     4
       Headbutt          |     4 |    17 |    13 ||    34
       Mace              |    21 |    19 |       ||    40
       Dagger            |       |   103 |       ||   103
       Whip              |       |       |    56 ||    56
 Fire: Hand crossbow     |    58 |    61 |    48 ||   167
Throw: Stone             |       |     1 |     2 ||     3
  Use: Scroll            |     2 |       |     3 ||     5
       Potion            |       |     3 |     2 ||     5
Armor: Leather armour    |     4 |       |       ||     4
       Chain mail        |    12 |    84 |       ||    96
       Ring mail         |       |     4 |    16 ||    20
Dodge: Dodged            |     9 |    47 |    39 ||    95
Block: Buckler           |     7 |    29 |    22 ||    58
